 Dungeon Crawl Stone Soup version 0.29.1-1-gd02db6906a (webtiles) character file.

Game seed: 2330567615474568882

9009 RascalDebosk the Thaumaturge (level 11, -3/54 HPs)
             Began as a Deep Elf Conjurer on Oct 5, 2022.
             Was an Elder of Vehumet.
             Hit by a large rock thrown by a cyclops (25 damage)
             ... on level 11 of the Dungeon on Oct 6, 2022.
             The game lasted 02:19:06 (12325 turns).

RascalDebosk the Thaumaturge (Deep Elf Conjurer)   Turns: 12325, Time: 02:19:07

Health: -3/54      AC: 11    Str:  7    XL:     11   Next: 17%
Magic:  17/25      EV: 13    Int: 26    God:    Vehumet [****..]
Gold:   346        SH:  0    Dex: 15    Spells: 0/27 levels left

rFire   . . .      SeeInvis .   o - +11 long sword "Wopt" {vorpal, rCorr}
rCold   . . .      Faith    .   (no shield)
rNeg    + . .      Spirit   .   u - +2 acid dragon scales
rPois   .          Reflect  .   (no helmet)
rElec   .          Harm     .   y - +0 cloak
rCorr   +          Rampage  .   m - +0 pair of gloves
Will    ++...                   (no boots)
Stlth   ++++......              b - amulet of Plog {Regen+ Str+3 Stlth+}
HPRegen 0.98/turn               G - ring of positive energy
MPRegen 0.19/turn               g - ring of willpower

@: no status effects
A: no striking features
a: Renounce Religion


You were on level 11 of the Dungeon.
You worshipped Vehumet.
Vehumet was greatly pleased with you.
You visited 2 branches of the dungeon, and saw 12 of its levels.

You collected 1365 gold pieces.
You spent 1019 gold pieces at shops.

Inventory:

Hand Weapons
 j - a +2 short sword of speed
 o - the +11 long sword "Wopt" (weapon) {vorpal, rCorr}
   (You bought it in a shop on level 2 of the Dungeon)

   It inflicts extra damage upon your enemies.
   rCorr:     It protects you from acid and corrosion.
 B - a +0 falchion of electrocution
Armour
 c - a +2 leather armour of fire resistance
 m - a +0 pair of gloves (worn)
 u - +2 acid dragon scales (worn)
 y - a +0 cloak (worn)
Magical Staves
 v - a staff of earth
Jewellery
 b - the amulet of Plog (around neck) {Regen+ Str+3 Stlth+}
   (You acquired it on level 5 of the Dungeon)

   [amulet of regeneration]

   Str:       It affects your strength (+3).
   Regen:     It increases your rate of health regeneration.
   Stlth:     It makes you more stealthy.
 g - a ring of willpower (right hand)
 n - a ring of protection from fire
 G - a ring of positive energy (left hand)
Wands
 k - a wand of light (3)
 q - a wand of flame (28)
 D - a wand of polymorph (15)
 I - a wand of paralysis (4)
Scrolls
 f - a scroll of fog
 h - a scroll of brand weapon
 p - a scroll of amnesia {unknown}
 r - a scroll of immolation
 s - a scroll of vulnerability
 t - 2 scrolls of teleportation
 H - a scroll of noise {unknown}
Potions
 a - a potion of resistance
 d - 2 potions of ambrosia
 e - 2 potions of flight
 l - a potion of cancellation {unknown}
 w - a potion of invisibility {unknown}
 x - 2 potions of attraction
 z - 3 potions of lignification
 A - a potion of might {unknown}
 C - 2 potions of brilliance
 E - 4 potions of curing
 F - a potion of heal wounds


   Skills:
 - Level 5.8 Long Blades
 - Level 5.0 Armour
 - Level 5.3 Dodging
 - Level 5.6 Stealth
 + Level 8.9 Spellcasting
 + Level 8.7 Conjurations
 + Level 8.6 Hexes
 + Level 7.4 Translocations
 - Level 4.0 Poison Magic


You couldn't memorise any spells.
You knew the following spells:

 Your Spells              Type           Power      Damage    Failure   Level
a - Magic Dart            Conj           100%       1d8       1%          1
b - Searing Ray           Conj           100%       2d8       1%          2
c - Fulminant Prism       Conj/Hex       27%        3d14      1%          4
d - Iskenderun's Mystic   Conj/Tloc      52%        2d11      1%          4
e - Dazzling Flash        Conj/Hex       100%       N/A       1%          3
f - Foxfire               Conj/Fire      100%       2x1d9     1%          1
g - Mephitic Cloud        Conj/Pois/Air  33%        N/A       1%          3
h - Olgreb's Toxic Radia  Pois           32%        N/A       4%          4
i - Lightning Bolt        Conj/Air       17%        1d31      11%         5

Your spell library contained the following spells:

 Spells                   Type           Power      Damage    Failure   Level
 Poisonous Vapours        Pois/Air       44%        N/A       1%          2
 Summon Guardian Golem    Hex/Summ       34%        N/A       4%          3
 Summon Small Mammal      Summ           44%        N/A       9%          1
 Call Canine Familiar     Summ           11%        N/A       26%         3
 Corpse Rot               Necr/Pois/Air  18%        N/A       45%         4


Dungeon Overview and Level Annotations

Branches:
Dungeon (11/15)            Temple (1/1) D:4            Lair (0/5) D:9
    Orc (0/2) D:11

Altars:
Ashenzari
Cheibriados
Dithmenos
Elyvilon
Fedhas
Gozag
Hepliaklqana
Kikubaaqudgha
Makhleb
Nemelex Xobeh
Okawaru
Qazlal
Ru
Sif Muna
Trog
Uskayaw
Vehumet
Wu Jian
Xom
Yredelemnul
Zin
The Shining One

Shops:
D:2 (


Message History

Casting: Searing Ray (safe; 1% risk of failure)
Confirm with . or Enter, or press ? or * to list all spells.
Aiming: Fulminant Prism (dangerous; 1% risk of failure)
Press: ? - help, Dir - move target You conjure a prism of explosive energy!
A fulminant prism comes into view.
Casting: Fulminant Prism (dangerous; 1% risk of failure)
Confirm with . or Enter, or press ? or * to list all spells.
Aiming: Fulminant Prism (dangerous; 1% risk of failure)
Press: ? - help, Dir - move target You conjure a prism of explosive energy!
A fulminant prism comes into view.
Your fulminant prism crackles loudly.
Your fulminant prism crackles loudly.
Your fulminant prism explodes!
The blast of energy engulfs the acid dragon!!
The acid dragon is almost dead.
The acid dragon roars!
Your fulminant prism explodes!
The blast of energy engulfs the acid dragon!!
You kill the acid dragon!
Vehumet accepts your kill.
The acid dragon scales are intact enough to wear.
Things that are here:
+0 acid dragon scales; an acid dragon corpse A wraith comes into view.
A wraith is nearby!
Aiming: Magic Dart (safe; 1% risk of failure)
Press: ? - help, Q - select action, (/) - cycle Shift-Dir - straight line, f - wraith
Aim: a wraith (100% to hit)
The magic dart hits the wraith but does no damage.
Aiming: Magic Dart (safe; 1% risk of failure)
Press: ? - help, Q - select action, (/) - cycle Shift-Dir - straight line, f/p - wraith
Aim: a wraith (100% to hit)
The magic dart hits the wraith.
The wraith is lightly damaged.
Casting: Magic Dart (safe; 1% risk of failure)
Confirm with . or Enter, or press ? or * to list all spells.
Aiming: Searing Ray (safe; 1% risk of failure)
Press: ? - help, Shift-Dir - straight line, f/p - wraith
Aim: a wraith (lightly damaged, 83% to hit)
The searing ray hits the wraith.
The wraith is moderately damaged. (Press . to maintain the ray.)
The searing ray hits the wraith but does no damage.
The wraith is moderately damaged.
The searing ray hits the wraith!
The wraith is heavily damaged.
The searing ray hits the wraith but does no damage.
The wraith is heavily damaged.
You finish channelling your searing ray.
Casting: Searing Ray (safe; 1% risk of failure)
Confirm with . or Enter, or press ? or * to list all spells.
You erupt in a blast of force!
The mystic blast hits the wraith!
You destroy the wraith!
Vehumet accepts your kill.
You feel your power returning.
Found a stone staircase leading up.
You now have 346 gold pieces (gained 13).
You open the door.
There is an open door here.
A cyclops comes into view.
A cyclops is nearby!
The cyclops throws a large rock.
The large rock hits you!!
Casting: Iskenderun's Mystic Blast (dangerous; 1% risk of failure)
Confirm with . or Enter, or press ? or * to list all spells.
You don't know that spell.
Casting: Iskenderun's Mystic Blast (dangerous; 1% risk of failure)
Confirm with . or Enter, or press ? or * to list all spells.
The spell is quite dangerous to miscast (11% risk of failure)!
Continue anyway?
Aiming: Lightning Bolt (quite dangerous; 11% risk of failure)
Press: ? - help, Shift-Dir - straight line, f - cyclops
Aim: a cyclops, quivering large rocks (97% to hit)
You hear a mighty clap of thunder!
The bolt of lightning hits the cyclops.
The cyclops is lightly wounded.
You hear a shout! x3
The cyclops throws a large rock.
The large rock hits you!
* * * LOW HITPOINT WARNING * * *
The cyclops throws a large rock.
The large rock completely misses you.
There is an open door here.
There is an open door here.
The cyclops throws a large rock.
The large rock hits you!!
Casting: Lightning Bolt (quite dangerous; 11% risk of failure)
Confirm with . or Enter, or press ? or * to list all spells.
Aiming: Fulminant Prism (dangerous; 1% risk of failure)
Press: ? - help, Dir - move target, p - cyclops You conjure a prism of explosive energy!
A fulminant prism comes into view.
The cyclops throws a large rock.
The large rock hits you!
* * * LOW HITPOINT WARNING * * *
Casting: Fulminant Prism (dangerous; 1% risk of failure)
Confirm with . or Enter, or press ? or * to list all spells.
Aiming: Fulminant Prism (dangerous; 1% risk of failure)
Press: ? - help, Dir - move target You conjure a prism of explosive energy!
A fulminant prism comes into view.
Your fulminant prism crackles loudly.
The cyclops throws a large rock.
The large rock hits you!!
You die...

#........# #........####
#####
#...........#######...###
#.......................#
#.......##'#########+##.##
.........#...### ##...#..#
......)..+.8...###...8.+..#
.........#.............#..#
........###..?@<.*..# #.##
......... ###.....### #.#
......... ##.8C## #.#
.......... ###.....### #.#
..........###....>.*..###.##
..........#...........[.#..#
..........'.8...###...8.+..#
..........#...### ###...#..#
..........##'## ##.##.##


You could see a cyclops (ally target) and 2 friendly fulminant prisms.

Vanquished Creatures
  A kobold demonologist (D:9)
  A troll (D:10)
  A hornet (D:10)
  2 shadows
  A wyvern (D:7)
  2 wraiths
  6 yaks (D:9)
  3 vampire mosquitoes (D:10)
  Menkaure (D:5)
  2 acid dragons
  3 water moccasins (D:9)
  Duvessa (D:7)
  An ice beast (D:7)
  6 orc warriors
  A sky beast (D:6)
  2 black bears (D:8)
  A centaur (D:9)
  An ogre (D:5)
  A phantom (D:3)
  18 kobold brigands
  10 bullfrogs
  A necrophage (D:5)
  6 scorpions
  2 gnoll sergeants (D:9)
  3 wights (D:8)
  Dowan (D:7)
  9 killer bees
  7 howler monkeys
  3 hounds
  Crazy Yiuf (D:7)
  8 orc priests
  4 iguanas
  14 orc wizards
  14 gnolls
  7 adders
  2 shadow imps
  A white imp (D:7)
  4 worms
  2 dart slugs (D:4)
  46 orcs
  7 ball pythons
  A bat (D:2)
  A bat zombie (D:10)
  6 endoplasms
  A giant cockroach (D:3)
  6 goblins
  4 hobgoblins
  67 kobolds
  A quokka (D:1)
  3 frilled lizards
  4 rats
301 creatures vanquished.

Vanquished Creatures (others)
  2 foxfires (D:9)
  43 fulminant prisms
  62 fungi (D:9)
  57 plants
164 creatures vanquished.

Grand Total: 465 creatures vanquished

Notes
Turn   | Place    | Note
-------+----------+-------------------------------------------
     0 | D:1      | RascalDebosk the Deep Elf Conjurer began the quest for the
                  | Orb.
     0 | D:1      | Reached XP level 1. HP: 10/10 MP: 6/6
   316 | D:1      | Reached XP level 2. HP: 15/15 MP: 6/8
   876 | D:1      | Learned a level 2 spell: Searing Ray
  1127 | D:2      | Reached skill level 1 in Hexes
  1164 | D:2      | Reached XP level 3. HP: 15/19 MP: 0/10
  1325 | D:2      | Reached skill level 1 in Translocations
  1611 | D:2      | Found Zaso's Weapon Shop.
  2126 | D:3      | Reached XP level 4. HP: 24/24 MP: 7/11
  2131 | D:3      | Learned a level 4 spell: Fulminant Prism
  2494 | D:3      | Noticed a phantom
  2505 | D:3      | Killed a phantom
  2506 | D:3      | Reached skill level 5 in Conjurations
  2506 | D:3      | Reached XP level 5. HP: 17/28 MP: 0/13
  2511 | D:3      | Learned a level 4 spell: Iskenderun's Mystic Blast
  3086 | D:4      | Found a staircase to the Ecumenical Temple.
  3211 | D:4      | Found a sparkling altar of Nemelex Xobeh.
  3392 | D:4      | Found an opulent altar of Gozag.
  3679 | D:4      | Reached XP level 6. HP: 23/32 MP: 6/14
  4057 | D:4      | You fall into a shaft and drop 3 floors!
  4111 | D:6      | Noticed a sky beast
  4122 | D:6      | Reached skill level 1 in Armour
  4227 | D:6      | Killed a sky beast
  4794 | D:5      | Entered Level 5 of the Dungeon
  4834 | D:5      | Reached skill level 5 in Spellcasting
  4834 | D:5      | Reached XP level 7. HP: 34/36 MP: 9/16
  5086 | D:5      | Identified 2 scrolls of acquirement
  5086 | D:5      | Acquired 775 gold pieces
  5088 | D:5      | Acquired the amulet of Plog {Regen+ Str+3 Stlth+}
  5605 | D:5      | Reached skill level 5 in Stealth
  5985 | D:5      | Noticed Menkaure
  5991 | D:5      | Killed Menkaure
  5992 | D:5      | Reached skill level 5 in Dodging
  5992 | D:5      | Reached XP level 8. HP: 41/41 MP: 11/18
  6313 | D:2      | Bought the +11 long sword "Wopt" {vorpal, rCorr} for 1019
                  | gold pieces
  6566 | D:6      | Found an iron altar of Okawaru.
  6893 | D:7      | Learned a level 3 spell: Dazzling Flash
  6987 | Temple   | Entered the Ecumenical Temple
  7052 | Temple   | Became a worshipper of Vehumet
  7134 | D:7      | Reached skill level 1 in Long Blades
  7241 | D:7      | Found a runed translucent door.
  7242 | D:7      | Noticed Crazy Yiuf
  7248 | D:7      | Killed Crazy Yiuf
  7387 | D:7      | Noticed Duvessa
  7394 | D:7      | Reached skill level 5 in Hexes
  7396 | D:7      | Noticed Dowan
  7602 | D:7      | Killed Duvessa
  7617 | D:7      | Killed Dowan
  7622 | D:7      | Reached XP level 9. HP: 28/45 MP: 6/21
  7782 | D:7      | Reached * piety under Vehumet
  7782 | D:7      | Offered knowledge of Freeze by Vehumet.
  8534 | D:8      | Reached skill level 5 in Translocations
  9133 | D:8      | Reached ** piety under Vehumet
  9236 | D:8      | Offered knowledge of Foxfire by Vehumet.
  9240 | D:8      | Learned a level 1 spell: Foxfire
  9626 | D:9      | Reached XP level 10. HP: 38/50 MP: 19/24
  9719 | D:9      | Offered knowledge of Mephitic Cloud by Vehumet.
  9724 | D:9      | Learned a level 3 spell: Mephitic Cloud
  9778 | D:9      | Reached *** piety under Vehumet
 10146 | D:9      | Found a staircase to the Lair.
 10309 | D:9      | Offered knowledge of Olgreb's Toxic Radiance by Vehumet.
 10340 | D:9      | Reached skill level 5 in Armour
 10366 | D:9      | Learned a level 4 spell: Olgreb's Toxic Radiance
 10439 | D:9      | Reached skill level 1 in Poison Magic
 10457 | D:9      | Reached skill level 5 in Long Blades
 11102 | D:10     | Entered Level 10 of the Dungeon
 11137 | D:10     | Reached XP level 11. HP: 14/54 MP: 25/25
 11139 | D:10     | Reached **** piety under Vehumet
 11813 | D:10     | Found an ancient bone altar of Kikubaaqudgha.
 12085 | D:11     | Found a staircase to the Orcish Mines.
 12088 | D:11     | Offered knowledge of Lightning Bolt by Vehumet.
 12095 | D:11     | Learned a level 5 spell: Lightning Bolt
 12325 | D:11     | Hit by a large rock thrown by a cyclops

Illustrated notes

Levels and vault maps discovered:
D:1:      dpeg_arrival_boxes_within_box, layout_basic, minivault_24,
          minivault_27, columned_hall_lemuel
D:2:      layout_rooms, serial_shops, nicolae_shop_bloodbath_and_beyond,
          minmay_misc_feat_more_columns
D:3:      layout_loops_ring, minmay_misc_feat_room
D:4:      layout_cave_pods, grunt_gozag_breadcrumbs,
          mainiacjoe_overflow_six_doors_small, minmay_temple_entry_slanted
D:5:      layout_gridville, uniq_menkaure
D:6:      layout_basic, okawaru_altar_gauntlet_db
D:7:      kennysheep_kobold_camp, layout_basic, minmay_misc_feat_rows,
          uniq_crazy_yiuf_cottage, uniq_duvessa
D:8:      layout_basic
D:9:      layout_roguey [special_room_kobold], due_lair_maze_entry_diamond
D:10:     layout_stronghold, lemuel_zombie_altar_kikubaaqudgha
D:11:     layout_long_grid, david_orc_2, grunt_ministairs_13, lightli_airlock
Temple:   hc_temple_tempest_star

Skill      XL: |  1  2  3  4  5  6  7  8  9 10 11 |
---------------+----------------------------------+-----
Hexes          | 1 2 3 4 5 7 8 |  8.6
Translocations | 1 2 3 4 6 7 |  7.4
Stealth        | 3 4 5 |  5.6
Dodging        | 3 4 5 |  5.3
Spellcasting   | 4 5 6 8 |  8.9
Conjurations   | 5 6 7 8 |  8.7
Armour         | 1 2 3 4 5 |  5.0
Long Blades    | 2 3 5 |  5.8
Poison Magic   | 3 4 |  4.0

Action                   |  1- 3 |  4- 6 |  7- 9 | 10-12 || total
-------------------------+-------+-------+-------+-------++-------
Melee: Short sword       |     5 |     1 |    54 |       ||    60
       Long sword        |       |       |    74 |    84 ||   158
       Punch             |       |       |     2 |     1 ||     3
 Cast: Magic Dart        |    57 |    69 |   113 |   121 ||   360
       Searing Ray       |     4 |     9 |    23 |    15 ||    51
       Fulminant Prism   |       |       |    25 |    21 ||    46
       Iskenderun's Myst |       |       |    10 |    15 ||    25
       Dazzling Flash    |       |       |     3 |     1 ||     4
       Mephitic Cloud    |       |       |       |     4 ||     4
       Foxfire           |       |       |       |     2 ||     2
       Lightning Bolt    |       |       |       |     1 ||     1
Evoke: Wand              |       |       |     1 |       ||     1
  Use: Scroll            |       |       |    21 |     2 ||    23
       Potion            |       |       |     7 |     2 ||     9
 Stab: Sleeping          |     1 |       |     3 |       ||     4
       Invisible         |       |       |     1 |       ||     1
       Confused          |       |       |       |     3 ||     3
Armor: Robe              |     1 |       |       |       ||     1
       Acid dragon scale |       |    11 |    68 |    54 ||   133
Dodge: Dodged            |     1 |    16 |   116 |    98 ||   231
